 Dungeon Crawl Stone Soup version 0.23.1-37-gaa34b87b72 (webtiles) character file.

Game seed: 11565023823832418470

2490 Peloso the Carver (level 9, -2/79 HPs)
             Began as a Minotaur Fighter on Mar 28, 2019.
             Was a Believer of Okawaru.
             Slain by a two-headed ogre
             ... wielding a +0 giant club
              (14 damage)
             ... on level 8 of the Dungeon.
             The game lasted 00:13:56 (5732 turns).

Peloso the Carver (Minotaur Fighter)                Turns: 5732, Time: 00:13:56

Health: -2/79      AC: 11    Str: 32    XL:     9   Next: 27%
Magic:  8/8        EV: 10    Int:  5    God:    Okawaru [**....]
Gold:   239        SH: 12    Dex: 12    Spells: 8/8 levels left

rFire    . . .     SeeInvis .   a - +0 long sword
rCold    + . .     Gourm    .   c - +0 shield
rNeg     . . .     Faith    .   b - +0 scale mail
rPois    .         Spirit   .   (helmet restricted)
rElec    .         Reflect  .   (no cloak)
rCorr    .         Harm     .   (no gloves)
MR       .....                  x - +2 pair of boots "Misel" {Str+5}
Stlth    ..........             (no amulet)
HPRegen  0.23/turn              H - ring of protection from cold
MPRegen  0.11/turn              n - ring of attention (curse)

@: mighty
A: retaliatory headbutt, horns 2
a: Heroism, Renounce Religion


You were on level 8 of the Dungeon.
You worshipped Okawaru.
Okawaru was pleased with you.
You were very hungry.

You visited 2 branches of the dungeon, and saw 9 of its levels.

You collected 382 gold pieces.
You spent 143 gold pieces at shops.

Inventory:

Hand Weapons
 a - a +0 long sword (weapon)
 r - a +2 broad axe of electrocution
Armour
 b - a +0 scale mail (worn)
 c - a +0 shield (worn)
 x - the +2 pair of boots "Misel" (worn) {Str+5}
   (You found it on level 6 of the Dungeon)

   It affects your strength (+5).
 B - a +0 pair of boots
Jewellery
 k - a +3 ring of intelligence
 m - a +3 ring of intelligence
 n - a cursed ring of attention (right hand)
 q - an uncursed ring of resist corrosion
 t - an uncursed ring of fire
 u - an uncursed ring of poison resistance
 C - an uncursed ring of protection from fire
 H - a ring of protection from cold (left hand)
Wands
 F - a wand of random effects (17)
Scrolls
 e - 2 scrolls of noise
 g - 4 scrolls of teleportation
 j - 2 scrolls of identify
 l - 3 scrolls of amnesia
 p - 2 scrolls of fear
 s - 2 scrolls of enchant weapon
 y - 4 scrolls of remove curse
 z - 4 scrolls of enchant armour {unknown}
 A - 2 scrolls of blinking
 D - a scroll of fog
 E - 4 scrolls of magic mapping
Potions
 d - a potion of might
 h - a potion of berserk rage
 i - 2 potions of flight
 o - 2 potions of agility
 v - 2 potions of curing
 w - a potion of brilliance
Comestibles
 f - 14 rations


   Skills:
 + Level 7.2 Fighting
 + Level 8.8 Long Blades
 + Level 7.3 Armour
 + Level 3.0 Dodging
 + Level 0.5 Stealth
 + Level 8.5 Shields
 + Level 0.4 Invocations


You had 8 spell levels left.
You didn't know any spells.
Your spell library contained the following spells:

 Spells                   Type           Power        Failure   Level  Hunger
 Infusion                 Chrm           #...         92%         1    ##.....
 Shroud of Golubria       Chrm/Tloc      #.........   98%         2    ###....
 Song of Slaying          Chrm           #.......     98%         2    ###....
 Regeneration             Chrm/Necr      #.........   100%        3    ####...
 Spectral Weapon          Hex/Chrm       #.......     100%        3    ####...


Dungeon Overview and Level Annotations

Branches:
Dungeon (8/15)             Temple (1/1) D:4
   Lair: D:8-11

Altars:
Ashenzari
Cheibriados
Dithmenos
Elyvilon
Gozag
Hepliaklqana
Kikubaaqudgha
Makhleb
Nemelex Xobeh
Okawaru
Qazlal
Ru
Sif Muna
Trog
Vehumet
Wu Jian
Xom
Yredelemnul
Zin

Shops:
D:5 *


Innate Abilities, Weirdness & Mutations

You reflexively headbutt those who attack you in melee.
You have a pair of horns on your head.


Message History

Found 18 gold pieces.
You completely miss the adder skeleton. The adder skeleton barely misses you.
You block the two-headed ogre's attack.
The two-headed ogre hits you with a +0 giant club!
* * * LOW HITPOINT WARNING * * *
The adder skeleton bites you but does no damage.
Unknown command.
The adder skeleton closely misses you. You furiously retaliate!
You headbutt the adder skeleton!
A hound comes into view.
The hound barks!
You hear a shout!
The adder skeleton barely misses you.
The two-headed ogre completely misses you.
The two-headed ogre hits you with a +0 giant club!
* * * LOW HITPOINT WARNING * * *
You feel better.
You feel very mighty all of a sudden. You block the two-headed ogre's attack.
The two-headed ogre hits you with a +0 giant club!
You die...

##* #.#* *********** ###..###
*,,,,,,,,,, #......#
***.,,,,,,,,, #.[....#
**##...,,,,,,,,,
##......#####....#,,,,,,,,,,
##.......#OO@h.#***,,,,,,,,,,
****#.........Z#####***,,,,,,,,,,
,,,,........#........***,********
****###.##..#........* *,*
*,,,,*#..#........* *,*
*,****#..####...##***,* **,*
#..#*,.$#.# *,,* *** *,,*
#..##.###.#***,****,* **,**
####..#.#*,,.,,,,*,,,,*


You could see a two-headed ogre, an ogre, a hound and an adder skeleton.

Vanquished Creatures
  A hippogriff (D:8)
  Eustachio (D:6)
  2 sky beasts
  An ice beast (D:6)
  A phantom (D:4)
  4 ogres
  2 centaurs
  A big kobold (D:7)
  A bullfrog (D:7)
  A water moccasin zombie (D:8)
  2 scorpions (D:4)
  2 howler monkeys
  3 crimson imps
  5 orc priests
  4 hounds
  3 iguanas
  Natasha (thrice) (D:2)
  An orc wizard (D:6)
  4 worker ants
  A hound zombie (D:5)
  A howler monkey zombie (D:8)
  Robin (D:3)
  9 adders
  3 gnolls (D:6)
  A shadow imp (D:6)
  2 oozes
  2 adder skeletons (D:4)
  A worm (D:2)
  A dart slug (D:4)
  4 leopard geckos
  25 orcs
  9 bats
  3 giant cockroaches
  10 goblins
  12 hobgoblins
  15 jackals
  10 kobolds
  2 quokkas
  A ball python (D:3)
  A frilled lizard (D:1)
  A jackal skeleton (D:6)
  A quokka zombie (D:6)
  6 rats
164 creatures vanquished.

Vanquished Creatures (others)
  4 toadstools (D:1)
4 creatures vanquished.

Grand Total: 168 creatures vanquished

Notes
Turn   | Place    | Note
-------+----------+-------------------------------------------
     0 | D:1      | Peloso the Minotaur Fighter began the quest for the Orb.
     0 | D:1      | Reached XP level 1. HP: 19/19 MP: 0/0
    87 | D:1      | Reached XP level 2. HP: 23/27 MP: 1/1
   750 | D:2      | Noticed Natasha
   756 | D:2      | Killed Natasha
   756 | D:2      | Reached XP level 3. HP: 33/33 MP: 2/2
   825 | D:2      | Noticed Natasha
   837 | D:2      | Killed Natasha
   837 | D:2      | Reached XP level 4. HP: 25/40 MP: 3/3
  1066 | D:2      | Noticed Natasha
  1076 | D:2      | Killed Natasha
  1076 | D:2      | Reached XP level 5. HP: 35/47 MP: 4/4
  1127 | D:2      | Noticed a centaur
  1132 | D:2      | Killed a centaur
  1132 | D:2      | Reached skill level 1 in Dodging
  1503 | D:3      | Reached skill level 5 in Shields
  1642 | D:3      | Reached XP level 6. HP: 34/53 MP: 5/5
  1792 | D:3      | Noticed Robin
  1820 | D:3      | Killed Robin
  2517 | D:4      | Reached skill level 5 in Long Blades
  2612 | D:4      | Found a shadowy altar of Dithmenos.
  2702 | D:4      | Reached skill level 5 in Armour
  2726 | D:4      | Found a staircase to the Ecumenical Temple.
  2732 | D:4      | Reached skill level 5 in Fighting
  2732 | D:4      | Reached XP level 7. HP: 39/61 MP: 6/6
  2743 | Temple   | Entered the Ecumenical Temple
  2778 | Temple   | Became a worshipper of Warmaster Okawaru
  3328 | D:5      | Entered Level 5 of the Dungeon
  3331 | D:5      | Found Gywuwuh's General Store.
  3358 | D:5      | Bought a potion of heal wounds for 65 gold pieces
  3358 | D:5      | Bought 3 scrolls of identify for 78 gold pieces
  4032 | D:6      | Reached XP level 8. HP: 61/69 MP: 7/7
  4111 | D:6      | Noticed Eustachio
  4113 | D:6      | Reached * piety under Okawaru
  4191 | D:6      | Killed Eustachio
  4591 | D:6      | Got a pair of bloodstained boots
  4602 | D:6      | Identified the +2 pair of boots "Misel" {Str+5} (You found
                  | it on level 6 of the Dungeon)
  4722 | D:6      | Reached ** piety under Okawaru
  5098 | D:7      | Reached XP level 9. HP: 62/78 MP: 8/8
  5701 | D:8      | Noticed a two-headed ogre
  5732 | D:8      | Slain by a two-headed ogre

Skill      XL: |  1  2  3  4  5  6  7  8  9 |
---------------+----------------------------+-----
Fighting       | 4 5 6 7 |  7.2
Shields        | 4 5 6 8 |  8.5
Long Blades    | 3 4 5 6 8 |  8.8
Armour         | 4 5 6 7 |  7.3
Dodging        | 1 2 3 |  3.0
Stealth        | |  0.5
Invocations    | |  0.4

Action                   |  1- 3 |  4- 6 |  7- 9 || total
-------------------------+-------+-------+-------++-------
Melee: Long sword        |    68 |   153 |   270 ||   491
       Headbutt          |    10 |    26 |    64 ||   100
Invok: Heroism           |       |       |     3 ||     3
  Use: Potion            |     4 |       |     3 ||     7
       Scroll            |       |     6 |     9 ||    15
  Eat: Chunk             |       |     6 |     9 ||    15
Armor: Scale mail        |    28 |    55 |    85 ||   168
Dodge: Dodged            |    19 |    66 |    86 ||   171
Block: Shield            |    38 |   116 |   195 ||   349
       Rpst.: Long sword |     9 |    14 |    27 ||    50
